 Seeded DCSS version 0.30.0-19-g36f170ea60 (webtiles) character file.

Game seed: 5347910883644396414 (custom seed)

216 CInkIbrahim the Chopper (level 5, -1/45 HPs)
             Began as a Minotaur Fighter on May 27, 2023.
             Slain by Grinder (6 damage)
             ... while paralysed by Grinder
             ... on level 3 of the Dungeon.
             The game lasted 00:01:09 (1839 turns).

CInkIbrahim the Chopper (Minotaur Fighter)          Turns: 1839, Time: 00:01:10

Health: -1/45      AC:  8    Str: 23    XL:     5   Next: 61%
Magic:  4/4        EV:  2    Int:  5    God:
Gold:   91         SH:  0    Dex:  9    Spells: 4/4 levels left

rFire   . . .        a - +0 war axe
rCold   . . .        c - +0 buckler
rNeg    . . .        b - +0 scale mail
rPois   .            (helmet restricted)
rElec   .            (no cloak)
rCorr   .            (no gloves)
SInv    .            t - +0 pair of boots
Will    .....        (no amulet) Stlth
                     g - +5 ring of evasion
HPRegen 0.27/turn    o - +5 ring of evasion
MPRegen 0.09/turn

%: no passive effects
@: paralysed, mighty
A: horns 2, retaliatory headbutt
a: no special abilities


You were on level 3 of the Dungeon.
You visited 1 branch of the dungeon, and saw 3 of its levels.

You collected 91 gold pieces.

Inventory:

Hand Weapons
 a - a +0 war axe (weapon)
Missiles
 m - 10 poisoned darts (quivered)
Armour
 b - a +0 scale mail (worn)
 c - a +0 buckler (worn)
 t - a +0 pair of boots (worn)
Jewellery
 g - a +5 ring of evasion (left hand)
 o - a +5 ring of evasion (right hand)
 r - the ring of Hozustrel {*Corrode rElec rN+ Will++ MP+9}
   (You found it on level 2 of the Dungeon)

   [ring of magical power]

   rElec:     It insulates you from electricity.
   rN:        It protects you from negative energy.
   MP:        It affects your magic capacity (+9).
   *Corrode:  It may corrode you when you take damage.
   Will:      It greatly increases your willpower.
Wands
 s - a wand of iceblast (13)
Scrolls
 e - a scroll of magic mapping {unknown}
 f - 4 scrolls of identify {unknown}
 i - a scroll of vulnerability {unknown}
 j - a scroll of amnesia {unknown}
 l - a scroll of teleportation {unknown}
 p - a scroll of noise {unknown}
Potions
 k - a potion of haste {unknown}
 n - a potion of berserk rage {unknown}
 q - a potion of flight {unknown}


   Skills:
 - Level 3.6 Fighting
 + Level 7.2 Axes
 - Level 3.6 Armour
 - Level 3.6 Shields


You had 4 spell levels left.
You didn't know any spells.
Your spell library contained the following spells:

 Spells                   Type           Power      Damage    Failure   Level
 Apportation              Tloc           0%         N/A       85%         1
 Necrotise                Necr           0%         1d4       85%         1
 Summon Small Mammal      Summ           0%         N/A       85%         1


Dungeon Overview and Level Annotations

Branches:
Dungeon (3/15)

Altars:
Fedhas

Annotations:
D:3 Grinder


Innate Abilities, Weirdness & Mutations

You have a pair of horns on your head.
You reflexively headbutt those who attack you in melee.


Message History

You kill the water moccasin!
Grinder gestures at you.
You suddenly lose the ability to move!
Your Axes skill increases to level 7!
You have reached level 5!
The goblin hits you but does no damage. Grinder hits you.
You writhe in agony.
The goblin hits you with a +0 dagger.
* * * LOW HITPOINT WARNING * * *
Grinder completely misses you. The goblin hits you but does no damage.
Grinder hits you but does no damage. The goblin hits you but does no damage.
Grinder gestures at you. Pain shoots through your body!
* * * LOW HITPOINT WARNING * * *
You can move again.
It was a potion of curing.
You feel better. The goblin hits you but does no damage.
Grinder barely misses you.
You feel better. The goblin misses you. Grinder misses you.
You slash Grinder! Your headbutt misses Grinder.
Grinder is heavily wounded.
You closely miss the goblin. The goblin hits you but does no damage.
Grinder gestures at you.
You barely resist. You slash Grinder!
Grinder is almost dead.
You closely miss the goblin. The goblin closely misses you.
You furiously retaliate!
You headbutt the goblin!
You kill the goblin!
Grinder gestures at you.
You suddenly lose the ability to move!
Grinder hits you.
* * * LOW HITPOINT WARNING * * *
You writhe in agony.
* * * LOW HITPOINT WARNING * * *
Grinder hits you.
* * * LOW HITPOINT WARNING * * *
You writhe in agony.
* * * LOW HITPOINT WARNING * * *
Grinder hits you.
You die...

## ##....##..#
#####.....#...
#.......#...#
#<##...##...##
####.##.####....##
.##..##.####.##..#
..#.###.##...###.#####..
....##..##.#.# #))......
..####.....#># #@5......
..##....####.# #))......
.............# #........
.###.......... .........
.#(..######... ##.......
...#.# #. .......
...#.###### .......
............ .......
...#........


You could see Grinder.

Vanquished Creatures
  A water moccasin (D:3)
  An orc priest (D:3)
  An orc wizard (D:3)
  An adder (D:2)
  A dart slug (D:1)
  4 orcs (D:3)
  A ball python (D:2)
  4 endoplasms
  A giant cockroach (D:2)
  3 hobgoblins
  6 kobolds
  2 quokkas (D:1)
  5 bats
  4 frilled lizards
  5 goblins
  6 rats
46 creatures vanquished.

Notes
Turn   | Place    | Note
-------+----------+-------------------------------------------
     0 | D:1      | CInkIbrahim the Minotaur Fighter began the quest for the
                  | Orb.
     0 | D:1      | Reached XP level 1. HP: 19/19 MP: 0/0
   275 | D:1      | Reached skill level 3 in Axes
   453 | D:1      | Reached XP level 2. HP: 20/26 MP: 1/1
   996 | D:2      | Reached skill level 4 in Axes
  1258 | D:2      | Reached XP level 3. HP: 31/31 MP: 2/2
  1459 | D:2      | Identified the ring of Hozustrel {*Corrode rElec rN+ Will++
                  | MP+9}
  1705 | D:3      | Found a blossoming altar of Fedhas.
  1815 | D:3      | Noticed a water moccasin
  1818 | D:3      | Noticed Grinder
  1819 | D:3      | Reached skill level 5 in Axes
  1819 | D:3      | Reached XP level 4. HP: 38/39 MP: 3/3
  1825 | D:3      | Reached skill level 6 in Axes
  1828 | D:3      | Killed a water moccasin
  1828 | D:3      | Paralysed by Grinder for 5 turns
  1829 | D:3      | Reached skill level 7 in Axes
  1829 | D:3      | Reached XP level 5. HP: 23/45 MP: 4/4
  1832 | D:3      | HP: 1/45 [Grinder/nerve-wracking pain (13)]
  1836 | D:3      | Paralysed by Grinder for 4 turns
  1839 | D:3      | Slain by Grinder

Illustrated notes

Levels and vault maps discovered:
D:1:      dpeg_arrival_another_circle, layout_basic, serial_glass,
          glass_columns_b, glass_columns_a, item_on_display_a,
          minmay_strange_pillars
D:2:      layout_loops_ring, wander_ebering_terrifying_dragon_lair
D:3:      layout_rooms, fedhas_altar_1, mainiacjoe_overflow_brackets,
          tso_metal_star, serial_shops, nicolae_shop_rolling_square,
          lightli_corner_chamber, uniq_grinder

Skill      XL: |  1  2  3  4 |
---------------+-------------+-----
Axes           | 3 4 5 7 |  7.2
Fighting       | |  3.6
Armour         | |  3.6
Shields        | |  3.6

Action                     |  1- 3 |  4- 6 || total
---------------------------+-------+-------++-------
  Melee: War axe           |    74 |    11 ||    85
         Headbutt          |     7 |     1 ||     8
    Use: Potion            |       |     3 ||     3
 Armour: Scale mail        |    28 |    12 ||    40
  Dodge: Dodged            |    46 |    14 ||    60
  Block: Buckler           |    18 |     7 ||    25
